 Dungeon Crawl Stone Soup version 0.28-a0-1616-g050a50673c (webtiles) character file.

Game seed: 17761591635700280599

5999 grumblor the Cleaver (level 10, 0/53 HPs)
             Began as a Vine Stalker Fighter on Jan 23, 2022.
             Was a Believer of Sif Muna.
             Slain by a thrashing horror (2 damage)
             ... on level 2 of the Abyss.
             The game lasted 00:13:33 (7390 turns).

grumblor the Cleaver (Vine Stalker Fighter)         Turns: 7390, Time: 00:13:34

Health: 0/53       AC: 19    Str: 24    XL:     10   Next: 85%
Magic:  0/11       EV:  9    Int:  8    God:    Sif Muna [**....]
Gold:   443        SH: 11    Dex: 18    Spells: 9/9 levels left

rFire   + . .      SeeInvis .   a - +0 war axe
rCold   . . .      Faith    .   b - +0 kite shield
rNeg    . . .      Spirit   +   p - +3 chain mail
rPois   .          Reflect  .   (no helmet)
rElec   .          Harm     .   i - +0 cloak
rCorr   .          Rampage  .   w - +0 pair of gloves
Will    +....                   (no boots)
Stlth   ..........              l - amulet of regeneration
HPRegen 1.77/turn               x - ring "Sil Heav" {AC+4 Dex+5 Stlth-}
MPRegen 0.12/turn               t - ring of protection from fire

@: about to teleport
A: fangs 3, regeneration 1, magic shield, antimagic bite, no potion heal 2
a: Renounce Religion, Channel Magic


You were on level 2 of the Abyss.
You worshipped Sif Muna.
Sif Muna was pleased with you.
You visited 2 branches of the dungeon, and saw 10 of its levels.
You visited the Abyss 1 time.

You collected 443 gold pieces.

Inventory:

Hand Weapons
 a - a +0 war axe (weapon)
Missiles
 u - a curare-tipped dart (quivered)
 y - 4 boomerangs
Armour
 b - a +0 kite shield (worn)
 i - a +0 cloak (worn)
 p - a +3 chain mail (worn)
 w - a +0 pair of gloves (worn)
Jewellery
 l - an amulet of regeneration (around neck)
 r - a ring of resist corrosion
 t - a ring of protection from fire (right hand)
 x - the ring "Sil Heav" (left hand) {AC+4 Dex+5 Stlth-}
   (You found it on level 8 of the Dungeon)

   [ring of protection]

   AC:        It affects your AC (+4).
   Dex:       It affects your dexterity (+5).
   Stlth:     It makes you less stealthy.
Wands
 o - a wand of digging (5)
 s - a wand of iceblast (12)
 z - a wand of paralysis (3)
 A - a wand of acid (14)
Scrolls
 f - 2 scrolls of blinking
 j - 6 scrolls of teleportation
 q - 3 scrolls of enchant armour
 B - 2 scrolls of fog
Potions
 c - 3 potions of berserk rage
 d - a potion of invisibility {unknown}
 e - 3 potions of flight
 g - 2 potions of mutation {unknown}
 h - 2 potions of brilliance {unknown}
 k - 3 potions of curing {unknown}
 m - 2 potions of haste {unknown}
 n - a potion of resistance {unknown}
 v - a potion of cancellation {unknown}


   Skills:
 + Level 6.4 Fighting
 + Level 9.6 Axes
 + Level 6.3 Armour
 - Level 4.0 Dodging
 + Level 6.2 Shields


You had 9 spell levels left.
You didn't know any spells.
Your spell library contained the following spells:

 Spells                   Type           Power      Damage    Failure   Level
 Apportation              Tloc           0%         N/A       100%        1
 Magic Dart               Conj           0%         1d3       100%        1
 Call Imp                 Summ           0%         N/A       100%        2
 Mephitic Cloud           Conj/Pois/Air  0%         N/A       100%        3
 Animate Dead             Necr           0%         N/A       100%        4
 Alistair's Intoxication  Tmut/Pois      0%         N/A       100%        5
 Haunt                    Necr/Summ      0%         N/A       100%        7
 Infestation              Necr           0%         N/A       100%        8


Dungeon Overview and Level Annotations

Branches:
Dungeon (9/15)             Temple (1/1) D:6
   Lair: D:8-11         Orc: D:9-12

Altars:
Ashenzari
Dithmenos
Elyvilon
Fedhas
Gozag
Kikubaaqudgha
Makhleb
Nemelex Xobeh
Okawaru
Qazlal
Ru
Sif Muna
Trog
Uskayaw
Vehumet
Wu Jian
Xom
Yredelemnul
Zin
The Shining One

Shops:
D:3 :

Annotations:
D:9 Erolcha


Innate Abilities, Weirdness & Mutations

You have razor-sharp teeth.
Your natural rate of healing is unusually fast.
When hurt, damage is shared between your health and your magic reserves.
Your bite disrupts and absorbs the magic of your enemies.
Potions cannot restore your health.


Message History

As you read the scroll of teleportation, it crumbles to dust.
You feel strangely unstable.
You feel the power of the Abyss delaying your translocation!
The thrashing horror roars!
The smoke demon roars!
You hear a roar! x2
You block the thrashing horror's attack.
The thrashing horror tramples you but does no damage.
The thrashing horror barely misses you.
You block the thrashing horror's attack.
You slash the thrashing horror!
The thrashing horror is moderately damaged.
The thrashing horror tramples you!
* * * LOW HITPOINT WARNING * * *
You hold your ground!
You block the thrashing horror's attack.
The thrashing horror tramples you.
* * * LOW HITPOINT WARNING * * *
You hold your ground!
The thrashing horror tramples you but does no damage.
A flying skull comes into view.
The flying skull gives a hideous shriek!
The thrashing horror tramples you but does no damage.
The thrashing horror barely misses you.
The thrashing horror roars!
You hear a roar!
The thrashing horror tramples you but does no damage.
The thrashing horror closely misses you.
The smoke demon gestures at you. Something smites you!
* * * LOW HITPOINT WARNING * * *
Unknown command.
The thrashing horror roars!
The thrashing horror tramples you.
* * * LOW HITPOINT WARNING * * *
You hold your ground!
The thrashing horror tramples you but does no damage.
The thrashing horror roars!
The black mamba disappears in a puff of smoke!
The thrashing horror tramples you.
* * * LOW HITPOINT WARNING * * *
You hold your ground!
The thrashing horror tramples you.
You die...

. . .## ..###.#
.... ## . . #
....#. #. ...... #
. .. .
#........... .## #
.... #. #.# ###.
## # .# ....
##...## ##.#.# .
.. # ###.N##....#.
.. . #.#.S.##.#.##
#
..##.##X###ยง....#
. .......@X.S##
##.# .
..####.#.#z.......
# N #
##.#...#..... # .
####.#.....#. # #
........# .
....#..# ...#.# .#
...#..# #


You could see a naga warrior (summoned), 2 thrashing horrors, a black mamba
(summoned) and a flying skull.

Vanquished Creatures
  A centaur warrior (D:8)
  The ghost of comborobin the Grappler, a novice TrCA of Ignis (D:8)
  A manticore (D:8)
  Joseph (D:7)
  A troll (D:5)
  Grinder (D:4)
  Prince Ribbit (D:7)
  3 yaks (D:8)
  A wraith (D:6)
  4 hell hounds (Abyss:2)
  2 sky beasts
  4 orc warriors
  An ogre (D:5)
  3 centaurs
  2 phantoms
  Blork the orc (D:4)
  A kobold brigand (D:8)
  5 bullfrogs
  A gnoll sergeant (D:6)
  2 scorpions
  A water moccasin skeleton (D:5)
  5 wights (D:5)
  A howler monkey (D:8)
  2 centaur zombies
  A bullfrog zombie (D:7)
  3 hounds
  2 centaur skeletons
  A gnoll shaman (D:7)
  8 orc priests
  Crazy Yiuf (D:2)
  A jelly (D:8)
  4 iguanas
  5 orc wizards
  A killer bee zombie (D:7)
  2 howler monkey zombies
  9 gnolls
  7 adders
  2 adder skeletons (D:4)
  4 worms
  24 orcs
  8 bats
  6 endoplasms
  3 giant cockroaches
  11 hobgoblins
  8 jackals
  4 quokkas
  9 ball pythons
  5 frilled lizards
  5 goblins
  7 kobolds
  6 rats
193 creatures vanquished.

Vanquished Creatures (others)
  8 fungi (D:9)
  5 plants (D:9)
13 creatures vanquished.

Grand Total: 206 creatures vanquished

Notes
Turn   | Place    | Note
-------+----------+-------------------------------------------
     0 | D:1      | grumblor the Vine Stalker Fighter began the quest for the
                  | Orb.
     0 | D:1      | Reached XP level 1. HP: 11/11 MP: 2/2
   244 | D:1      | Reached XP level 2. HP: 16/16 MP: 3/3
   638 | D:1      | Reached skill level 2 in Axes
   741 | D:1      | Reached XP level 3. HP: 19/19 MP: 4/4
   750 | D:1      | Found a faded altar of an unknown god.
  1482 | D:2      | Reached skill level 1 in Dodging
  1883 | D:2      | Gained mutation: Your natural rate of healing is unusually
                  | fast. [Vine Stalker growth]
  1883 | D:2      | Reached XP level 4. HP: 23/23 MP: 5/5
  1970 | D:2      | Found a runed translucent door.
  1971 | D:2      | Noticed Crazy Yiuf
  2257 | D:2      | Killed Crazy Yiuf
  2413 | D:3      | Found a white marble altar of Elyvilon.
  2468 | D:3      | Found Lypid's Book Shop.
  2658 | D:3      | Reached skill level 3 in Axes
  2684 | D:3      | Reached XP level 5. HP: 28/28 MP: 4/6
  2767 | D:3      | Found a bloodstained altar of Trog.
  3169 | D:4      | Found an opulent altar of Gozag.
  3285 | D:4      | Reached XP level 6. HP: 24/32 MP: 4/7
  3331 | D:4      | Noticed Grinder
  3339 | D:4      | Paralysed by Grinder for 6 turns
  3356 | D:4      | Killed Grinder
  3357 | D:4      | Reached skill level 4 in Axes
  3357 | D:4      | Reached XP level 7. HP: 36/36 MP: 8/8
  3398 | D:4      | Found a stormy altar of Qazlal.
  3543 | D:4      | Found a sparkling altar of Nemelex Xobeh.
  3748 | D:4      | Noticed Blork the orc
  3760 | D:4      | Killed Blork the orc
  3893 | D:4      | Found a sacrificial altar of Ru.
  4047 | D:4      | Found a glowing silver altar of Zin.
  4095 | D:5      | Entered Level 5 of the Dungeon
  4296 | D:5      | Noticed a troll
  4310 | D:5      | Reached skill level 5 in Axes
  4323 | D:5      | Killed a troll
  4324 | D:5      | Gained mutation: You have razor-sharp teeth. [Vine Stalker
                  | growth]
  4324 | D:5      | Reached XP level 8. HP: 28/42 MP: 6/9
  4373 | D:5      | Noticed a +0 falchion
  4373 | D:5      | Noticed a +0 dagger
  4373 | D:5      | Noticed a +0 falchion
  4374 | D:5      | Noticed a +0 short sword
  4374 | D:5      | Noticed a +0 spear
  4375 | D:5      | Noticed a +0 dagger
  4376 | D:5      | Noticed a +0 short sword
  4376 | D:5      | Noticed a +0 spear
  4411 | D:5      | Found a hide-covered altar of Uskayaw.
  4828 | D:5      | Reached skill level 6 in Axes
  4896 | D:6      | Noticed a wraith
  4906 | D:6      | Killed a wraith
  4907 | D:6      | Reached XP level 9. HP: 42/46 MP: 7/10
  5152 | D:6      | Found a burning altar of Makhleb.
  5152 | D:6      | Found a broken altar of Ashenzari.
  5184 | D:6      | Found a staircase to the Ecumenical Temple.
  5190 | Temple   | Entered the Ecumenical Temple
  5257 | Temple   | Became a worshipper of Sif Muna the Loreminder
  5526 | D:7      | Noticed Joseph
  5564 | D:7      | Killed Joseph
  5565 | D:7      | Reached skill level 7 in Axes
  5565 | D:7      | Reached skill level 5 in Armour
  5617 | D:7      | Reached skill level 5 in Fighting
  5617 | D:7      | Reached skill level 5 in Shields
  5742 | D:7      | Found an ancient bone altar of Kikubaaqudgha.
  5936 | D:7      | Noticed Prince Ribbit
  5948 | D:7      | Reached * piety under Sif Muna
  5979 | D:7      | Reached skill level 8 in Axes
  5981 | D:7      | Killed Prince Ribbit
  5982 | D:7      | Reached XP level 10. HP: 35/51 MP: 9/11
  6235 | D:8      | Identified the ring "Sil Heav" {AC+4 Dex+5 Stlth-}
  6296 | D:8      | Noticed a centaur warrior
  6313 | D:8      | Killed a centaur warrior
  6335 | D:8      | Noticed a manticore
  6347 | D:8      | Killed a manticore
  6613 | D:8      | Reached skill level 9 in Axes
  6927 | D:8      | Found a runed translucent door.
  6927 | D:8      | Noticed comborobin's ghost (novice TrCA)
  6940 | D:8      | Killed comborobin's ghost
  7239 | D:9      | Reached ** piety under Sif Muna
  7294 | D:9      | Noticed Erolcha
  7294 | D:9      | Cast into level 2 of the Abyss (Erolcha)
  7294 | Abyss:2  | Found a corrupted altar of Lugonu.
  7324 | Abyss:2  | Noticed a worldbinder
  7326 | Abyss:2  | Noticed a naga warrior
  7326 | Abyss:2  | Noticed a naga warrior
  7326 | Abyss:2  | Noticed a black mamba
  7334 | Abyss:2  | Noticed a mana viper
  7337 | Abyss:2  | Noticed a black mamba
  7338 | Abyss:2  | Noticed a black mamba
  7338 | Abyss:2  | Noticed a black mamba
  7339 | Abyss:2  | Noticed a thrashing horror
  7340 | Abyss:2  | Noticed a thrashing horror
  7348 | Abyss:2  | Noticed a black mamba
  7348 | Abyss:2  | Noticed a black mamba
  7353 | Abyss:2  | Noticed a black mamba
  7353 | Abyss:2  | Noticed a naga warrior
  7361 | Abyss:2  | Noticed a naga warrior
  7361 | Abyss:2  | Noticed a naga warrior
  7361 | Abyss:2  | Noticed a black mamba
  7370 | Abyss:2  | Noticed a naga warrior
  7382 | Abyss:2  | Noticed a black mamba
  7382 | Abyss:2  | Noticed a naga warrior
  7384 | Abyss:2  | Noticed a black mamba
  7384 | Abyss:2  | Noticed a naga warrior
  7384 | Abyss:2  | Noticed a black mamba
  7384 | Abyss:2  | Noticed a smoke demon
  7390 | Abyss:2  | HP: 2/53 [thrashing horror (5)]
  7390 | Abyss:2  | Slain by a thrashing horror

Illustrated notes

Levels and vault maps discovered:
D:1:      shiori_arrival_oz, layout_basic,
          shapermc_ecumenical_altar_totnotflames, grunt_decor_fettered,
          minmay_misc_feat_pillars
D:2:      layout_loops_ring, kennysheep_generic_room_4, uniq_crazy_yiuf_cottage
D:3:      layout_loops_ring, mainiacjoe_overflow_six_doors_small,
          trog_butcher_becter, serial_shops, shop
D:4:      layout_basic, pdpol_temple_overflow_zin_treasury_gozag_greed,
          nicolae_ru_great_annihilating_truth, pf_just_have_faith,
          amcnicky_altar_gilded, uniq_blork_the_orc, uniq_grinder
D:5:      layout_gridville, nicolae_uskayaw_en_pointe,
          kennysheep_generic_room_15
D:6:      layout_rooms, chequers_temple_overflow_statue_of_worship,
          minmay_temple_entry_fiery, small_statue_intersection
D:7:      layout_cave_pools, mainiacjoe_overflow_24_doors, chequers_mini_garden,
          minmay_increasing_density, uniq_prince_ribbit1, uniq_joseph
D:8:      kennysheep_big_flooded_room, layout_basic,
          hellmonk_ghost_happy_afterlife
D:9:      layout_basic, grunt_lair_entry_orc_guard_hut, uniq_erolcha
Temple:   jpeg_temple_island
Abyss:2:  base: D:8, hangedman_abyss_or_decor_stagger

Skill      XL: |  1  2  3  4  5  6  7  8  9 10 |
---------------+-------------------------------+-----
Axes           | 2 3 4 5 6 8 9 |  9.6
Shields        | 3 4 5 6 |  6.2
Dodging        | 1 2 3 4 |  4.0
Fighting       | 3 4 5 6 |  6.4
Armour         | 3 4 5 6 |  6.3

Action                   |  1- 3 |  4- 6 |  7- 9 | 10-12 || total
-------------------------+-------+-------+-------+-------++-------
Melee: War axe           |    91 |   149 |   273 |   129 ||   642
       Bite              |    22 |    31 |    83 |    49 ||   185
  Use: Scroll            |     3 |     2 |     9 |     4 ||    18
       Potion            |       |       |       |     1 ||     1
 Stab: Paralysed         |       |       |     2 |       ||     2
Armor: Scale mail        |    42 |    52 |       |       ||    94
       Chain mail        |       |     5 |   178 |   157 ||   340
Dodge: Dodged            |    46 |    69 |   111 |    69 ||   295
Block: Buckler           |    28 |    41 |     6 |       ||    75
       Kite shield       |       |       |   177 |   112 ||   289

Table legend: (Time is in decaauts)
 A = Elapsed time spent in this place.
 B = Non-inter-level travel time spent in this place.
 C = Inter-level travel time spent in this place.
 D = Time resting spent in this place.
 E = Time spent auto-exploring this place.
 F = Levels seen in this place.
 G = Mean time per level.
                   A        B        C        D        E       F      G
               +--------+--------+--------+--------+--------+-----+--------+
         Total |   7627 |   7398 |    229 |      0 |   5641 |  11 |  693.4 |
       Dungeon |   7444 |   7231 |    213 |      0 |   5573 |   9 |  827.1 |
        Temple |     83 |     67 |     16 |      0 |     57 |   1 |   83.0 |
         Abyss |     99 |     99 |      0 |      0 |     11 |   1 |   99.0 |
               +--------+--------+--------+--------+--------+-----+--------+

Top non-repeatable levels by time:
     D:2: 1290 daAuts
     D:4: 1135 daAuts
     D:1: 1097 daAuts
     D:8: 977 daAuts
     D:7: 761 daAuts
     D:6: 707 daAuts
     D:3: 699 daAuts
     D:5: 670 daAuts
     D:9: 104 daAuts
 Abyss:2: 99 daAuts
  Temple: 83 daAuts
